 Dungeon Crawl Stone Soup version 0.27-a0-1101-ge311f74bc8 (webtiles) character file.

Game seed: 1450757603557248723

11 sizableburger the Conjurer (level 2, 0/21 HPs)
             Began as a Mummy Wanderer on Apr 28, 2021.
             Slain by a quokka (5 damage)
             ... on level 1 of the Dungeon.
             The game lasted 00:03:40 (572 turns).

sizableburger the Conjurer (Mummy Wanderer)          Turns: 572, Time: 00:03:41

Health: 0/21       AC:  2    Str: 15    XL:     2   Next: 17%
Magic:  3/3        EV: 11    Int: 13    God:
Gold:   0          SH:  0    Dex:  9    Spells: 2/3 levels left

rFire    x . .     SeeInvis .   b - +0 mace
rCold    + . .     Faith    .   (no shield)
rNeg     + + +     Spirit   .   d - +0 robe
rPois    ∞         Reflect  .   (no helmet)
rElec    .         Harm     .   (no cloak)
rCorr    .         Rampage  .   (no gloves)
Will     .....                  (no boots)
Stlth    +.........             (no amulet)
HPRegen  0.07/turn              (no ring)
MPRegen  0.08/turn              (no ring)

@: no status effects
A: cold resistance 1, negative energy resistance 3, torment resistance 2,
unbreathing 1, heat vulnerability 1, no potions
a: no special abilities


You were on level 1 of the Dungeon.
You visited 1 branch of the dungeon, and saw 1 of its levels.

Inventory:

Hand Weapons
 a - a +0 club
 b - a +0 mace (weapon)
Missiles
 f - 43 stones
Armour
 d - a +0 robe (worn)
Scrolls
 e - a scroll of amnesia {unknown}


   Skills:
 + Level 1.3 Fighting
 - Level 1.0 Long Blades
 + Level 0.5 Maces & Flails
 - Level 1.0 Throwing
 - Level 1.0 Stealth
 - Level 1.0 Shields
 + Level 1.0 Spellcasting
 - Level 2.4 Conjurations
 - Level 1.5 Transmutations
 + Level 0.5 Earth Magic


You had 2 spell levels left.
You knew the following spells:

 Your Spells              Type           Power      Damage    Failure   Level
a - Sandblast             Erth           4%         2d4       22%         1

Your spell library contained the following spells:

 Spells                   Type           Power      Damage    Failure   Level
 Passwall                 Tmut/Erth      2%         N/A       28%         2
 Stone Arrow              Conj/Erth      8%         3d7       43%         3
 Petrify                  Tmut/Erth      3%         N/A       88%         4
 Lee's Rapid Deconstruct  Erth           1%         3d5*      99%         5


Dungeon Overview and Level Annotations

Branches:
Dungeon (1/15)

Altars:


Innate Abilities, Weirdness & Mutations

You are immune to poison.
Your flesh is cold resistant. (rC+)
You are immune to negative energy. (rN+++)
You are immune to unholy pain and torment.
You can survive without breathing.
You are vulnerable to heat. (rF-)
You do not drink.


Message History

You are very lightly contaminated with residual magic.
Nothing appears to happen.
The hobgoblin closely misses you.
Unknown command.
As you open the door, it creaks loudly!
The ball python hisses angrily.
The hobgoblin closely misses you.
A dart slug comes into view.
Your magical contamination has completely faded away.
There is an open door here.
The ball python bites you.
* * * LOW HITPOINT WARNING * * *
The ball python barely misses you.
An endoplasm comes into view.
Found 8 gold pieces.
The ball python closely misses you. The ball python grabs you.
* * * LOW HITPOINT WARNING * * *
The ball python constricts you.
You escape the ball python's grasp.
The ball python hisses angrily.
You see here a frilled lizard corpse.
As you read the scroll of teleportation, it crumbles to dust.
You feel strangely unstable. The hobgoblin barely misses you.
Your surroundings suddenly seem different.
Casting: Sandblast (safe; 24% risk of failure)
Confirm with . or Enter, or press ? or * to list all spells.
Aiming: Sandblast (safe; 24% risk of failure)
Press: ? - help, Shift-Dir - straight line, f - ball python, p - hobgoblin
Aim: a ball python (75% to hit)
The blast of sand hits the ball python!
You kill the ball python!
Your Spellcasting skill increases to level 1!
Unknown command.
Found 25 stones.
f - 43 stones (gained 25)
There are no items here.
The quokka bites you.
* * * LOW HITPOINT WARNING * * *
The quokka closely misses you. The quokka closely misses you.
The quokka bites you.
You die...

..........#
..........#
..........# #
..........########.#
..........##...r@..#
..........##g#######
..........##.# #
#....J..#.# #
###.##.##g#
######.##g##.#
J.gr...##.##.#
#########.##.#
#.##.#


You could see a quokka and a hobgoblin.

Vanquished Creatures
  2 endoplasms (D:1)
  2 jackals (D:1)
  A kobold (D:1)
  A ball python (D:1)
  3 frilled lizards (D:1)
  3 rats (D:1)
12 creatures vanquished.

Notes
Turn   | Place    | Note
-------+----------+-------------------------------------------
     0 | D:1      | sizableburger the Mummy Wanderer began the quest for the
                  | Orb.
     0 | D:1      | sizableburger set off with the following items: a +0 club,
                  | a scroll of teleportation, a +0 robe; and the following
                  | spell memorised: Sandblast; and the following spells
                  | available to memorise: Passwall, Stone Arrow, Petrify,
                  | Lee's Rapid Deconstruction
     0 | D:1      | Reached XP level 1. HP: 15/15 MP: 1/1
   474 | D:1      | Reached XP level 2. HP: 17/21 MP: 3/3
   547 | D:1      | Reached skill level 1 in Spellcasting
   572 | D:1      | Slain by a quokka

Illustrated notes

Levels and vault maps discovered:
D:1:      sevenhm_arrival_forest_fort_small_3, layout_basic,
          ebering_ecumenical_altar_mist

Skill      XL: |  1  2 |
---------------+-------+-----
Spellcasting   | 1 |  1.0
Fighting       | |  1.3
Long Blades    | |  1.0
Maces & Flails | |  0.5
Throwing       | |  1.0
Stealth        | |  1.0
Shields        | |  1.0
Conjurations   | |  2.4
Transmutations | |  1.5
Earth Magic    | |  0.5

Action                   || total
-------------------------++-------
Melee: Club              ||    19
       Mace              ||    21
 Cast: Sandblast         ||     3
  Use: Scroll            ||     1
 Stab: Sleeping          ||     2
Armor: Robe              ||    12
Dodge: Dodged            ||    29

Table legend: (Time is in decaauts)
 A = Elapsed time spent in this place.
 B = Non-inter-level travel time spent in this place.
 C = Inter-level travel time spent in this place.
 D = Time resting spent in this place.
 E = Time spent auto-exploring this place.
 F = Levels seen in this place.
 G = Mean time per level.
                   A        B        C        D        E       F      G
               +--------+--------+--------+--------+--------+-----+--------+
         Total |    585 |    578 |      7 |    321 |     47 |   1 |  585.0 |
       Dungeon |    585 |    578 |      7 |    321 |     47 |   1 |  585.0 |
               +--------+--------+--------+--------+--------+-----+--------+

Top non-repeatable levels by time:
     D:1: 585 daAuts
